 Dungeon Crawl Stone Soup version 0.29.1-2-gbd0b4ee654 (webtiles) character file.

Game seed: 14609463327969286826

21 bullfish the Slasher (level 2, -6/36 HPs)
             Began as a Draconian Gladiator on Nov 18, 2022.
             Mangled by Sigmund
             ... wielding a +3 scythe of distortion
              (17 damage)
             ... on level 2 of the Dungeon.
             The game lasted 00:02:34 (1058 turns).

bullfish the Slasher (Draconian Gladiator)          Turns: 1058, Time: 00:02:34

Health: -6/36      AC: 21    Str: 16    XL:     2   Next: 62%
Magic:  2/2        EV:  2    Int:  8    God:
Gold:   54         SH:  0    Dex: 12    Spells: 1/1 levels left

rFire   . . .      SeeInvis .   a - +0 long sword
rCold   . . .      Faith    .   (no shield)
rNeg    . . .      Spirit   .   (body armour unavailable)
rPois   +          Reflect  .   (helmet currently unavailable)
rElec   .          Harm     .   (cloak currently unavailable)
rCorr   .          Rampage  .   (gloves currently unavailable)
Will    +....      NoTele   +   (boots currently unavailable)
Stlth   +.........              (no amulet)
HPRegen 0.12/turn               h - ring of willpower
MPRegen 0.08/turn               (no ring)

@: tree-form, on berserk cooldown, slowed, very slow
A: stationary, stasis, torment immunity, boosted hp, AC +4, unfitting armour,
(cold-blooded)
a: no special abilities


You were on level 2 of the Dungeon.
You were a tree.
You visited 1 branch of the dungeon, and saw 2 of its levels.

You collected 54 gold pieces.

Inventory:

Hand Weapons
 a - a +0 long sword (weapon)
Missiles
 c - 3 throwing nets (quivered)
 d - a javelin
Armour
 b - a +0 hat (melded)
 i - a +0 pair of gloves (melded)
Jewellery
 h - a ring of willpower (left branch)
Scrolls
 g - a scroll of immolation {unknown}
 j - 3 scrolls of identify {unknown}
 k - a scroll of vulnerability {unknown}
 m - 2 scrolls of fog
 n - a scroll of magic mapping {unknown}
Potions
 e - a potion of lignification
 l - a potion of magic {unknown}


   Skills:
 - Level 2.1 Fighting
 + Level 4.0 Long Blades
 - Level 1.7 Throwing
 - Level 2.6 Dodging


You had one spell level left.
You didn't know any spells.
Your spell library was empty.

Dungeon Overview and Level Annotations

Branches:
Dungeon (2/15)

Altars:

Annotations:
D:2 Sigmund


Innate Abilities, Weirdness & Mutations

You are a tree.
Your roots penetrate the ground, keeping you stationary.
You cannot be teleported.
You are immune to unholy pain and torment.
Your maximum health is greatly increased.
Your equipment is partially melded.
((Your plain brown scales are hard. (AC +4)))
You cannot fit into any form of body armour.
((You are cold-blooded and may be slowed by cold attacks.))


Message History

There is a stone staircase leading down here.
You climb downwards.
The kobold shouts!
You hear a shout!
There is a stone staircase leading up here.
A kobold is nearby!
Found 6 gold pieces.
The kobold barely misses you. The kobold barely misses you.
You barely miss the kobold. The kobold barely misses you.
You hit the kobold.
You kill the kobold!
Sigmund the Dreaded comes into view.
He is wielding a +3 scythe of distortion and carrying a wand of polymorph (6).
Okay, then.
Okay, then.
It was a potion of lignification.
You turn into a tree.
Your +0 hat melds into your body.
Your +0 pair of gloves melds into your body.
Your roots penetrate the ground.
Sigmund casts a spell.
Sigmund flickers and vanishes!
Deactivating autopickup; reactivate with Ctrl-A.
It was a potion of berserk rage.
A red film seems to cover your vision as you go berserk!
You feel yourself moving faster!
You feel mighty! Something hits you. Space warps around you.
You are too berserk!
You cannot move.
You cannot move.
You cannot move.
You feel a strong urge to attack something.
Something hits you but does no damage.
You feel your anger nearly subside.
You are no longer berserk.
You are exhausted.
You feel yourself slow down. Something hits you but does no damage.
Space warps around you. Something hits you. Something hits you!
Space warps around you. Something hits you but does no damage.
Space warps horribly around you!
You die...

...
....#########
##....<....#
.........)..#
#..#......♣.#
# ##.##{####
.......
.$.#...###
##.....
...... ####.#
#.


There were no monsters in sight!

Vanquished Creatures
  A giant cockroach (D:1)
  2 hobgoblins (D:1)
  3 quokkas (D:1)
  2 ball pythons (D:1)
  4 bats (D:1)
  3 kobolds
  7 rats (D:1)
22 creatures vanquished.

Notes
Turn   | Place    | Note
-------+----------+-------------------------------------------
     0 | D:1      | bullfish the Draconian Gladiator began the quest for the
                  | Orb.
     0 | D:1      | Reached XP level 1. HP: 17/17 MP: 1/1
   154 | D:1      | Noticed an eye of devastation
   157 | D:1      | Found a faded altar of an unknown god.
   162 | D:1      | Noticed a golden eye
   163 | D:1      | Noticed an eye of devastation
   163 | D:1      | Noticed a great orb of eyes
   359 | D:1      | Reached XP level 2. HP: 24/24 MP: 2/2
   924 | D:1      | Reached skill level 4 in Long Blades
  1049 | D:2      | Noticed Sigmund
  1058 | D:2      | Mangled by Sigmund

Illustrated notes

Levels and vault maps discovered:
D:1:      dpeg_arrival_prison, layout_basic,
          hellmonk_ecumenical_altar_watching_god
D:2:      layout_rooms, minmay_misc_feat_cross, uniq_terence, uniq_sigmund

Skill      XL: |  1  2 |
---------------+-------+-----
Long Blades    | 4 |  4.0
Fighting       | |  2.1
Throwing       | |  1.7
Dodging        | |  2.6

Action                   || total
-------------------------++-------
Melee: Long sword        ||    50
       Tailslap          ||     4
  Use: Scroll            ||     2
       Potion            ||     2
 Stab: Sleeping          ||     1
Armor: Skin              ||    20
Dodge: Dodged            ||    34
